 Dungeon Crawl Stone Soup version 0.26-a0-540-g8a0c9464d7 (webtiles) character file.

Game seed: 5578974263255786202

10666 vurker the Frost Mage (level 11, -2/95 HPs)
             Began as a Ghoul Ice Elementalist on Aug 22, 2020.
             Was an Elder of Vehumet.
             Slain by an unseen horror (9 damage)
             ... on level 11 of the Dungeon.
             The game lasted 00:22:02 (14755 turns).

vurker the Frost Mage (Ghoul Ice Elementalist)     Turns: 14755, Time: 00:22:03

Health: -2/95      AC:  4    Str: 13    XL:     11   Next: 65%
Magic:  10/23      EV: 12    Int: 19    God:    Vehumet [****..]
Gold:   675        SH:  0    Dex:  9    Spells: 16/28 levels left

rFire    . . .     SeeInvis .   q - +1 short sword (speed)
rCold    + . .     Faith    .   (no shield)
rNeg     + + +     Spirit   .   a - +1 robe
rPois    ∞         Reflect  .   (no helmet)
rElec    .         Harm     +   C - scarf {harm}
rCorr    .                      B - +0 pair of gloves
MR       +....                  (no boots)
Stlth    ++........             (no amulet)
HPRegen  0.00/turn              e - ring of protection from magic
MPRegen  0.18/turn              z - +6 ring of intelligence

@: about to teleport, marked
A: rotting body, claws 1, cold resistance 1, negative energy resistance 3,
inhibited regeneration, torment resistance, unbreathing
a: Renounce Religion


You were on level 11 of the Dungeon.
You worshipped Vehumet.
Vehumet was greatly pleased with you.
You visited 1 branch of the dungeon, and saw 11 of its levels.

You collected 675 gold pieces.

Inventory:

Hand Weapons
 q - a +1 short sword of speed (weapon)
   (You took it off an orc on level 3 of the Dungeon)
Armour
 a - a +1 robe (worn)
 B - a +0 pair of gloves (worn)
   (You found it on level 10 of the Dungeon)
 C - a scarf of harm (worn)
   (You found it on level 6 of the Dungeon)
Magical Staves
 p - an uncursed staff of air
   (You found it on level 4 of the Dungeon)
 y - an uncursed staff of earth
   (You found it on level 9 of the Dungeon)
Jewellery
 e - a ring of protection from magic (left hand)
   (You found it on level 4 of the Dungeon)
 k - an uncursed ring of wizardry
   (You found it on level 2 of the Dungeon)
 o - an uncursed ring of protection from fire
   (You took it off an orc on level 6 of the Dungeon)
 z - a +6 ring of intelligence (right hand)
   (You found it on level 9 of the Dungeon)
Wands
 c - a wand of disintegration (16)
   (You found it on level 6 of the Dungeon)
 d - a wand of iceblast (8)
   (You found it on level 9 of the Dungeon)
 h - a wand of polymorph (14)
   (You found it on level 5 of the Dungeon)
 t - a wand of flame (21)
   (You found it on level 7 of the Dungeon)
 v - a wand of digging (4)
   (You found it on level 10 of the Dungeon)
Scrolls
 b - 6 scrolls of remove curse
 m - a scroll of enchant weapon
 r - 2 scrolls of enchant armour
 s - a scroll of fear
Potions
 f - 2 potions of ambrosia
 g - 4 potions of curing
 i - 3 potions of magic
 j - 2 potions of flight
 n - 5 potions of heal wounds
 w - 4 potions of haste
 D - 3 potions of cancellation


   Skills:
 + Level 8.4 Fighting
 - Level 1.7 Dodging
 - Level 2.1 Stealth
 * Level 9.4 Spellcasting
 - Level 3.0 Conjurations
 - Level 3.0 Summonings
 * Level 12.5 Ice Magic


You had 16 spell levels left.
You knew the following spells:

 Your Spells              Type           Power        Failure   Level
a - Freeze                Ice            ####         1%          1
b - Frozen Ramparts       Ice            ######       1%          3
c - Hailstorm             Conj/Ice       #####...     1%          4
d - Summon Ice Beast      Ice/Summ       #####...     3%          4

Your spell library contained the following spells:

 Spells                   Type           Power        Failure   Level
 Olgreb's Toxic Radiance  Pois           #.......     21%         4
 Ozocubu's Armour         Ice            ######..     1%          3
 Iskenderun's Battlesphe  Conj           ###.....     17%         5
 Bolt of Magma            Conj/Fire/Erth ##........   34%         5
 Iron Shot                Conj/Erth      ##........   82%         6
 Orb of Destruction       Conj           ###.......   98%         7
 Spellforged Servitor     Conj/Summ      ###.......   98%         7


Dungeon Overview and Level Annotations

Branches:
Dungeon (11/15)            Temple (0/1) D:7             Orc (0/2) D:9
   Lair: D:8-11

Altars:
Cheibriados
Elyvilon
Fedhas
Gozag
Makhleb
Nemelex Xobeh
Okawaru
Sif Muna
Uskayaw
Vehumet
Yredelemnul
Zin
The Shining One
Beogh

Shops:
D:5 *   D:6 ?


Innate Abilities, Weirdness & Mutations

Your body is rotting away.
You thrive by killing the living.
You are immune to poison.
You have sharp fingernails.
Your flesh is cold resistant. (rC+)
You are immune to negative energy. (rN+++)
You do not regenerate when monsters are visible.
You are immune to unholy pain and torment.
You can survive without breathing.


Message History

A bullfrog comes into view.
A cannonade of hail descends around you!
The hail pelts something.
The hail pelts the adder!
You kill the adder!
Vehumet accepts your kill.
You feel your power returning.
The hail pelts the yak!
Something hits you. Something hits you but does no damage.
A cannonade of hail descends around you!
The hail pelts the yak.
The hail misses the vampire mosquito.
The hail pelts the wraith.
Something hits you.
Your ice beast hits the yak but does no damage.
The vampire mosquito bites your ice beast!
Unknown command.
Something hits you!
The vampire mosquito bites your ice beast.
The wraith pulls the alarm!
The alarm trap emits a blaring wail!
A sentinel's mark forms upon you.
Your ice beast closely misses the vampire mosquito.
Something hits you.
You hear a shout!
You hear a bellow! x3; You hear a howl! x2
You hear a shout!
You hear a bark!
You hear a howl!
You hear a bark! x2
You hear a shout! x4
Something hits you. Something hits you.
Your ice beast closely misses the vampire mosquito.
Something hits you. Something hits you but does no damage. Something hits you!
Something hits you.
* * * LOW HITPOINT WARNING * * *
The vampire mosquito bites you!
* * * LOW HITPOINT WARNING * * *
Something barely misses you.
As you read the scroll of teleportation, it crumbles to dust.
You feel strangely unstable.
Your ice beast disappears in a puff of smoke!
Something hits you.
* * * LOW HITPOINT WARNING * * *
The vampire mosquito bites you.
* * * LOW HITPOINT WARNING * * *
Something hits you!
* * * LOW HITPOINT WARNING * * *
The vampire mosquito bites you.
* * * LOW HITPOINT WARNING * * *
A yak comes into view.
Something hits you!
You die...

.#.###.....#
#.###.....#
#.........##..#
#####........#
#########....##...#
#............##.#.#
#................ #
#................
#.......@F........
#......Y{y.......#
#.......W........#
...Y.......§.......
...........(.......
....................
............$)......
.....#.............
..................


You could see 2 yaks, a wraith, a vampire mosquito and a bullfrog.

Vanquished Creatures
  A two-headed ogre (D:11)
  An unseen horror (D:10)
  A deep elf mage (D:9)
  A hippogriff (D:8)
  A shadow (D:11)
  14 yaks (D:10)
  Edmund (D:4)
  2 water moccasins
  A soldier ant (D:10)
  3 ogres
  5 orc warriors
  2 sky beasts
  3 phantoms (D:7)
  2 necrophages (D:10)
  5 centaurs
  A crocodile (D:9)
  2 wolves (D:8)
  7 bullfrogs
  2 big kobolds
  A gnoll sergeant (D:7)
  5 scorpions
  A water moccasin skeleton (D:4)
  A killer bee (D:10)
  12 wights
  A howler monkey (D:4)
  2 bullfrog zombies (D:11)
  5 hounds
  A quasit (D:6)
  4 orc priests
  Jessica (D:3)
  A bullfrog skeleton (D:9)
  7 orc wizards
  8 worker ants
  A hound zombie (D:10)
  2 worker ant zombies
  7 gnolls
  7 adders
  3 shadow imps
  2 ufetubi
  4 oozes
  An adder skeleton (D:7)
  A worm (D:2)
  5 dart slugs
  4 leopard geckos
  39 orcs
  3 ball pythons
  7 giant cockroaches
  12 hobgoblins
  5 jackals
  11 kobolds
  5 quokkas
  8 bats
  9 frilled lizards
  2 gnoll zombies (D:6)
  8 goblins
  A jackal zombie (D:8)
  A quokka skeleton (D:8)
  10 rats
263 creatures vanquished.

Vanquished Creatures (collateral kills)
  A two-headed ogre (D:10)
  A troll (D:10)
  A hornet (D:11)
  A hippogriff (D:8)
  2 yaks (D:10)
  Grum (D:8)
  A black bear (D:10)
  2 ice beasts
  A necrophage (D:9)
  A phantom (D:9)
  An ogre (D:6)
  A wolf (D:8)
  4 wights
  A quasit (D:4)
  A gnoll shaman (D:9)
  A hound (D:10)
  An iguana (D:7)
  A killer bee zombie (D:8)
  3 kobolds (D:9)
  A bush (D:9)
27 creatures vanquished.

Vanquished Creatures (others)
  A plant (D:6)
1 creature vanquished.

Grand Total: 291 creatures vanquished

Notes
Turn   | Place    | Note
-------+----------+-------------------------------------------
     0 | D:1      | vurker the Ghoul Ice Elementalist began the quest for the
                  | Orb.
     0 | D:1      | Reached XP level 1. HP: 14/14 MP: 2/2
   174 | D:1      | Reached XP level 2. HP: 22/22 MP: 2/4
   608 | D:1      | Reached skill level 1 in Fighting
   811 | D:1      | Reached XP level 3. HP: 28/28 MP: 2/5
  1293 | D:1      | Learned a level 3 spell: Frozen Ramparts
  1421 | D:2      | Reached skill level 5 in Ice Magic
  1854 | D:2      | Reached XP level 4. HP: 32/35 MP: 1/6
  1906 | D:2      | Noticed an ogre
  1928 | D:2      | Killed an ogre
  1928 | D:2      | Reached XP level 5. HP: 18/41 MP: 0/8
  2184 | D:2      | Learned a level 4 spell: Hailstorm
  2602 | D:2      | Noticed a centaur
  2616 | D:2      | Killed a centaur
  2616 | D:2      | Reached skill level 1 in Conjurations
  2616 | D:2      | Reached XP level 6. HP: 35/50 MP: 0/10
  2732 | D:3      | Reached skill level 6 in Ice Magic
  2856 | D:3      | Learned a level 4 spell: Summon Ice Beast
  2883 | D:3      | Found an iron altar of Okawaru.
  3013 | D:3      | Found a white marble altar of Elyvilon.
  3359 | D:3      | Noticed Jessica
  3365 | D:3      | Killed Jessica
  4255 | D:4      | Reached skill level 1 in Summonings
  4291 | D:4      | Reached XP level 7. HP: 56/56 MP: 6/11
  4407 | D:4      | Found a blossoming altar of Fedhas.
  4409 | D:4      | Noticed Edmund
  4433 | D:4      | Killed Edmund
  5054 | D:4      | Lost dexterity.
  5333 | D:5      | Entered Level 5 of the Dungeon
  5389 | D:5      | Found Zeatz's Serpentskin Sales.
  5475 | D:5      | Found a glowing silver altar of Zin.
  5523 | D:5      | Found a radiant altar of Vehumet.
  5534 | D:5      | Became a worshipper of Vehumet
  5575 | D:5      | Reached XP level 8. HP: 63/63 MP: 9/13
  5816 | D:5      | Reached skill level 7 in Ice Magic
  6248 | D:6      | Lost dexterity.
  6495 | D:6      | Found Cybron's Magic Scroll Emporium.
  6668 | D:6      | Reached skill level 5 in Spellcasting
  7167 | D:6      | Reached skill level 8 in Ice Magic
  7239 | D:6      | Reached XP level 9. HP: 62/72 MP: 6/16
  7338 | D:6      | Found a snail-covered altar of Cheibriados.
  7475 | D:6      | Found a basalt altar of Yredelemnul.
  7548 | D:6      | Found a shimmering blue altar of Sif Muna.
  7548 | D:6      | Found a glowing golden altar of the Shining One.
  7664 | D:7      | Found a hide-covered altar of Uskayaw.
  8000 | D:7      | Reached * piety under Vehumet
  8000 | D:7      | Offered knowledge of Sandblast by Vehumet.
  8079 | D:7      | Reached skill level 5 in Fighting
  8372 | D:7      | Found a staircase to the Ecumenical Temple.
  8947 | D:8      | Reached skill level 9 in Ice Magic
  9607 | D:8      | Noticed Grum
  9617 | D:8      | Killed Grum
  9674 | D:8      | Offered knowledge of Foxfire by Vehumet.
 10020 | D:8      | Found a roughly hewn altar of Beogh.
 10024 | D:8      | Reached ** piety under Vehumet
 10214 | D:9      | Noticed a deep elf mage
 10224 | D:9      | Killed a deep elf mage
 10224 | D:9      | Reached skill level 10 in Ice Magic
 10224 | D:9      | Reached XP level 10. HP: 62/83 MP: 3/19
 10633 | D:9      | Found a burning altar of Makhleb.
 10635 | D:9      | Found an opulent altar of Gozag.
 10641 | D:9      | Found a sparkling altar of Nemelex Xobeh.
 11170 | D:9      | Found a staircase to the Orcish Mines.
 11510 | D:9      | Offered knowledge of Conjure Flame by Vehumet.
 11895 | D:10     | Entered Level 10 of the Dungeon
 12168 | D:10     | Reached skill level 11 in Ice Magic
 12170 | D:10     | Reached *** piety under Vehumet
 12683 | D:10     | Reached XP level 11. HP: 92/92 MP: 4/22
 12685 | D:10     | Offered knowledge of Airstrike by Vehumet.
 12797 | D:10     | Killed an unseen horror
 13105 | D:10     | Noticed a two-headed ogre
 13114 | D:10     | Killed a two-headed ogre
 13304 | D:10     | Reached skill level 12 in Ice Magic
 14290 | D:11     | Reached **** piety under Vehumet
 14430 | D:11     | Offered knowledge of Olgreb's Toxic Radiance by Vehumet.
 14448 | D:11     | Noticed a two-headed ogre
 14458 | D:11     | Killed a two-headed ogre
 14755 | D:11     | Slain by an unseen horror

Illustrated notes

Levels and vault maps discovered:
D:1:      scummos_arrival_star, layout_loops_ring, minmay_pentomino_p2
D:2:      layout_rooms, st_stairs_1, kennysheep_generic_room_16
D:3:      layout_loops_cross, overflow_temple_1_default, elyvilon_altar_1,
          uniq_jessica
D:4:      layout_gridville, fedhas_altar_3, grunt_ministairs_1, uniq_edmund
D:5:      layout_loops_ring, nicolae_overflow_crystal_walls, old_standard_altar,
          guppyfry_shop_venom
D:6:      layout_loops_ring, lemuel_zombie_altar_yredelemnul,
          gammafunk_temple_overflow_wave, serial_shops, nicolae_shop_crystal,
          serial_bayou_pond_c, kennysheep_slug_shrine
D:7:      layout_loops_ring, marbit_many_paths, temple_green
D:8:      layout_basic, david_defended_altar_orc, uniq_grum
D:9:      layout_cave_pods, gammafunk_temple_overflow_forgotten, david_orc_2,
          minmay_splitting_lines
D:10:     minmay_distorted_concentric_squares, layout_small_grid,
          minmay_door_square
D:11:     layout_basic, erik_lair_island, enter_bailey_3, minmay_bent

Skill      XL: |  1  2  3  4  5  6  7  8  9 10 11 |
---------------+----------------------------------+-----
Spellcasting   | 2 3 4 5 7 8 9 |  9.4
Fighting       | 1 2 3 4 6 7 8 |  8.4
Ice Magic      | 5 6 8 10 11 12 | 12.5
Conjurations   | 1 2 3 |  3.0
Summonings     | 1 2 3 |  3.0
Dodging        | |  1.7
Stealth        | |  2.1

Action                   |  1- 3 |  4- 6 |  7- 9 | 10-12 || total
-------------------------+-------+-------+-------+-------++-------
Melee: Short sword       |    60 |    45 |   191 |   156 ||   452
       Unarmed           |     1 |       |       |       ||     1
 Cast: Freeze            |    37 |    24 |    54 |    23 ||   138
       Frozen Ramparts   |     4 |    24 |    40 |    27 ||    95
       Summon Ice Beast  |       |       |    27 |    41 ||    68
       Hailstorm         |       |       |    20 |    62 ||    82
Evoke: Wand              |       |       |     5 |       ||     5
  Use: Scroll            |       |    10 |     6 |     6 ||    22
 Stab: Sleeping          |     2 |       |     1 |       ||     3
       Distracted        |       |       |       |     1 ||     1
Armor: Robe              |    14 |    13 |    56 |    21 ||   104
Dodge: Dodged            |    58 |    41 |   155 |    71 ||   325

Table legend: (Time is in decaauts)
 A = Elapsed time spent in this place.
 B = Non-inter-level travel time spent in this place.
 C = Inter-level travel time spent in this place.
 D = Time resting spent in this place.
 E = Time spent auto-exploring this place.
 F = Levels seen in this place.
 G = Mean time per level.
                   A        B        C        D        E       F      G
               +--------+--------+--------+--------+--------+-----+--------+
         Total |  14847 |  14608 |    239 |    202 |  12346 |  11 | 1349.7 |
       Dungeon |  14847 |  14608 |    239 |    202 |  12346 |  11 | 1349.7 |
               +--------+--------+--------+--------+--------+-----+--------+

Top non-repeatable levels by time:
    D:10: 2045 daAuts
     D:4: 1745 daAuts
     D:9: 1681 daAuts
     D:6: 1533 daAuts
     D:1: 1482 daAuts
     D:7: 1347 daAuts
     D:2: 1246 daAuts
     D:8: 1240 daAuts
     D:3: 984 daAuts
    D:11: 794 daAuts
     D:5: 746 daAuts
